General information
- name: BNet
- type: Ladder team game (AT/RT)
- host: Battle.net
- saver: brucewillisusa
map: Battleground
- players: 8
- length: 19:04
- speed: Fast
- version: 1.24 W3XP
- replay type: Public
» download(126 KB)
Players
team 1 (winner)

»
brucewillisusa (
yellow | 75 APM | 1429 actions | 19:04)
8 Pandaren Brewmaster
3 Breath of Fire
3 Drunken Brawler
1 Storm Earth and Fire
1 Drunken Haze
» actions
| Assign group hotkey | 86 | |
| Basic commands | 9 | |
| Build / train | 49 | |
| Enter build submenu | 14 | |
| Enter hero's abilities submenu | 8 | |
| Give item / drop item | 3 | |
| Right click | 643 | |
| Select / deselect | 145 | |
| Select group hotkey | 410 | |
| Use ability | 62 | |
1429 total
» units
| Acolyte | 2 | |
| Ghoul | 6 | |
| Gargoyle | 8 | |
| Frost Wyrm | 5 | |
21 total
» upgrades
| Creature Attack | 3 | |
| Creature Carapace | 1 | |
| Freezing Breath | 1 | |
5 total
» buildings
| Crypt | 2 | |
| Ziggurat | 7 | |
| Altar of Darkness | 1 | |
| Halls of the Dead | 3 | |
| Graveyard | 1 | |
| Sacrificial Pit | 1 | |
| Black Citadel | 1 | |
| Boneyard | 2 | |
18 total
» build order
00:07 Crypt
00:08 Ziggurat
00:33 Altar of Darkness
02:18 Halls of the Dead
02:19 Halls of the Dead
02:21 Graveyard
02:40 Crypt
02:55 Ziggurat
02:58 Ziggurat
03:15 Ziggurat
05:21 Ziggurat
08:04 Ziggurat
08:05 Sacrificial Pit
08:07 Black Citadel
08:38 Ziggurat
10:47 Boneyard
10:47 Boneyard
» items
| Boots of Speed | 1 | |
| Potion of Healing | 1 | |
| Lesser Clarity Potion | 2 | |
| Healing Salve | 1 | |
| Potion of Mana | 1 | |
| Scroll of Town Portal | 3 | |
| Scroll of Healing | 1 | |
10 total

»
MadAlexs (
pink | 36 APM | 679 actions | 19:03)
4 Death Knight
2 Death Coil
2 Unholy Aura
3 Lich
2 Frost Nova
1 Frost Armor
2 Dreadlord
1 Vampiric Aura
1 Sleep
» actions
| Assign group hotkey | 16 | |
| Build / train | 58 | |
| Enter build submenu | 17 | |
| Enter hero's abilities submenu | 9 | |
| Give item / drop item | 2 | |
| Remove unit from queue | 1 | |
| Right click | 239 | |
| Select / deselect | 169 | |
| Select group hotkey | 117 | |
| Use ability | 51 | |
679 total
» units
| Acolyte | 2 | |
| Ghoul | 3 | |
| Crypt Fiend | 7 | |
| Necromancer | 10 | |
| Meatwagon | 4 | |
26 total
» upgrades
| Skeletal Longevity | 1 | |
| Exhume Corpses | 1 | |
| Skeletal Mastery | 1 | |
| Necromancer Training | 2 | |
| Unholy Strength | 3 | |
| Unholy Armor | 2 | |
| Disease Cloud | 1 | |
11 total
» buildings
| Graveyard | 2 | |
| Crypt | 1 | |
| Ziggurat | 6 | |
| Altar of Darkness | 1 | |
| Nerubian Tower | 2 | |
| Tomb of Relics | 1 | |
| Halls of the Dead | 1 | |
| Black Citadel | 1 | |
| Temple of the Damned | 2 | |
| Slaughterhouse | 2 | |
19 total
» build order
00:26 Graveyard
00:37 Crypt
00:46 Ziggurat
01:06 Altar of Darkness
01:24 Ziggurat
01:39 Nerubian Tower
02:23 Tomb of Relics
02:26 Nerubian Tower
04:11 Halls of the Dead
05:00 Ziggurat
07:24 Black Citadel
07:28 Temple of the Damned
07:35 Temple of the Damned
08:04 Slaughterhouse
08:16 Ziggurat
11:42 Graveyard
12:06 Ziggurat
12:24 Ziggurat
17:40 Slaughterhouse
» items
| Rod of Necromancy | 1 | |
| Scroll of Town Portal | 1 | |
2 total

»
AngryCat (
red | 39 APM | 747 actions | 19:03)
5 Demon Hunter
3 Mana Burn
2 Evasion
» actions
| Basic commands | 10 | |
| Build / train | 30 | |
| Enter build submenu | 12 | |
| Enter hero's abilities submenu | 5 | |
| Give item / drop item | 1 | |
| Right click | 390 | |
| Select / deselect | 250 | |
| Use ability | 49 | |
747 total
» units
» upgrades
| Moon Armor | 1 | |
| Strength of the Moon | 1 | |
2 total
» buildings
| Altar of Elders | 1 | |
| Moon Well | 4 | |
| Ancient of War | 1 | |
| Ancient of Wonders | 1 | |
| Hunter's Hall | 1 | |
| Tree of Ages | 1 | |
| Ancient Protector | 2 | |
11 total
» build order
00:08 Altar of Elders
00:25 Moon Well
00:40 Ancient of War
01:40 Moon Well
01:56 Ancient of Wonders
02:54 Hunter's Hall
03:13 Moon Well
03:53 Tree of Ages
05:01 Moon Well
05:28 Ancient Protector
05:34 Ancient Protector
» items
| Healing Salve | 2 | |
| Potion of Healing | 1 | |
| Potion of Lesser Invulnerability | 1 | |
4 total
ordael (
purple | 41 APM | 775 actions | 19:03)
5 Blademaster
3 Wind Walk
2 Critical Strike
» actions
| Assign group hotkey | 7 | |
| Build / train | 35 | |
| ESC pressed | 2 | |
| Enter build submenu | 24 | |
| Enter hero's abilities submenu | 5 | |
| Give item / drop item | 2 | |
| Right click | 269 | |
| Select / deselect | 149 | |
| Select group hotkey | 229 | |
| Use ability | 53 | |
775 total
» units
» upgrades
| Armor | 2 | |
| Spiked Barricades | 2 | |
| Envenomed Spears | 1 | |
| Ranged Weapons | 2 | |
7 total
» buildings
| Altar of Storms | 1 | |
| Orc Burrow | 5 | |
| Barracks | 1 | |
| War Mill | 1 | |
| Stronghold | 1 | |
| Voodoo Lounge | 1 | |
| Watch Tower | 10 | |
| Beastiary | 3 | |
| Fortress | 1 | |
| Great Hall | 1 | |
25 total
» build order
00:13 Altar of Storms
00:15 Orc Burrow
01:00 Barracks
01:33 War Mill
03:44 Stronghold
03:49 Voodoo Lounge
03:53 Orc Burrow
06:38 Watch Tower
06:48 Watch Tower
07:28 Watch Tower
07:40 Watch Tower
07:46 Watch Tower
07:56 Watch Tower
08:07 Beastiary
08:22 Beastiary
08:50 Watch Tower
09:06 Watch Tower
09:09 Watch Tower
09:31 Beastiary
10:14 Orc Burrow
10:19 Orc Burrow
10:40 Orc Burrow
10:43 Fortress
13:48 Watch Tower
17:31 Great Hall
» items
| Healing Salve | 2 | |
| Lesser Clarity Potion | 2 | |
| Orb of Lightning | 1 | |
5 total
team 2 (loser)
G0DS_GIFT (
orange | 79 APM | 1497 actions | 19:02)
5 Death Knight
3 Death Coil
2 Unholy Aura
4 Lich
2 Frost Nova
2 Dark Ritual
» actions
| Assign group hotkey | 92 | |
| Basic commands | 17 | |
| Build / train | 60 | |
| ESC pressed | 1 | |
| Enter build submenu | 21 | |
| Enter hero's abilities submenu | 9 | |
| Give item / drop item | 3 | |
| Right click | 743 | |
| Select / deselect | 219 | |
| Select group hotkey | 238 | |
| Use ability | 94 | |
1497 total
» units
| Acolyte | 14 | |
| Ghoul | 4 | |
| Crypt Fiend | 8 | |
| Gargoyle | 1 | |
27 total
» upgrades
| Creature Attack | 2 | |
| Creature Carapace | 2 | |
| Web | 1 | |
| Burrow | 1 | |
6 total
» buildings
| Crypt | 1 | |
| Ziggurat | 6 | |
| Graveyard | 1 | |
| Altar of Darkness | 1 | |
| Tomb of Relics | 1 | |
| Halls of the Dead | 1 | |
| Black Citadel | 1 | |
| Necropolis | 1 | |
| Sacrificial Pit | 2 | |
| Spirit Tower | 2 | |
17 total
» build order
00:06 Crypt
00:22 Ziggurat
00:53 Graveyard
01:07 Altar of Darkness
01:37 Ziggurat
01:40 Ziggurat
02:38 Tomb of Relics
04:45 Halls of the Dead
07:43 Ziggurat
07:46 Ziggurat
10:20 Black Citadel
11:26 Ziggurat
11:49 Necropolis
13:18 Sacrificial Pit
13:30 Spirit Tower
15:13 Sacrificial Pit
15:25 Spirit Tower
» items
| Rod of Necromancy | 3 | |
| Scroll of Town Portal | 3 | |
| Potion of Mana | 1 | |
| Potion of Healing | 2 | |
| Potion of Lesser Invulnerability | 1 | |
| Scroll of Protection | 1 | |
11 total
BlutDamon (
green | 57 APM | 1032 actions | 18:11)
2 Mountain King
1 Storm Bolt
1 Bash
» actions
| Assign group hotkey | 11 | |
| Build / train | 42 | |
| Enter build submenu | 14 | |
| Enter hero's abilities submenu | 2 | |
| Remove unit from queue | 1 | |
| Right click | 689 | |
| Select / deselect | 177 | |
| Select group hotkey | 73 | |
| Use ability | 23 | |
1032 total
» units
» upgrades
| Swords | 2 | |
| Plating | 2 | |
| Animal War Training | 1 | |
5 total
» buildings
| Altar of Kings | 1 | |
| Farm | 9 | |
| Barracks | 2 | |
| Lumber Mill | 1 | |
| Keep | 2 | |
| Blacksmith | 1 | |
| Castle | 1 | |
17 total
» build order
00:21 Altar of Kings
00:35 Farm
00:51 Barracks
01:12 Farm
01:31 Barracks
01:49 Farm
03:39 Farm
03:44 Lumber Mill
04:19 Farm
05:02 Keep
05:02 Keep
06:52 Farm
06:55 Blacksmith
07:29 Castle
07:32 Farm
08:18 Farm
09:29 Farm
» items
| Potion of Healing | 1 | |
| Lesser Clarity Potion | 2 | |
3 total

»
deanhefter (
teal | 34 APM | 649 actions | 19:00)
4 Mountain King
2 Storm Bolt
2 Bash
1 Paladin
1 Holy Light
» actions
| Assign group hotkey | 22 | |
| Basic commands | 95 | |
| Build / train | 52 | |
| Enter build submenu | 20 | |
| Enter hero's abilities submenu | 6 | |
| Give item / drop item | 1 | |
| Right click | 211 | |
| Select / deselect | 172 | |
| Select group hotkey | 29 | |
| Use ability | 41 | |
649 total
» units
| Peasant | 13 | |
| Footman | 11 | |
| Knight | 1 | |
| Siege Engine | 4 | |
| Mortar Team | 4 | |
33 total
» upgrades
| Defend | 1 | |
| Barrage | 1 | |
| Plating | 1 | |
| Fragmentation Shards | 1 | |
4 total
» buildings
| Altar of Kings | 1 | |
| Farm | 11 | |
| Barracks | 2 | |
| Keep | 1 | |
| Lumber Mill | 1 | |
| Castle | 1 | |
| Arcane Vault | 1 | |
| Blacksmith | 1 | |
| Workshop | 2 | |
21 total
» build order
00:11 Altar of Kings
00:45 Farm
01:00 Barracks
01:25 Farm
02:06 Barracks
02:15 Farm
02:52 Farm
03:32 Farm
04:38 Keep
06:43 Lumber Mill
07:23 Castle
07:33 Arcane Vault
08:29 Blacksmith
09:46 Farm
09:50 Farm
09:56 Workshop
10:02 Workshop
11:03 Farm
11:07 Farm
12:19 Farm
12:22 Farm
» items
| Scroll of Town Portal | 2 | |
| Potion of Healing | 1 | |
| Scroll of Regeneration | 1 | |
| Potion of Lesser Invulnerability | 1 | |
| Dust of Appearance | 1 | |
6 total

»
teh.drunk.acc (
blue | 32 APM | 611 actions | 18:54)
3 Paladin
1 Holy Light
1 Divine Shield
1 Devotion Aura
» actions
| Assign group hotkey | 22 | |
| Build / train | 76 | |
| ESC pressed | 1 | |
| Enter build submenu | 13 | |
| Enter hero's abilities submenu | 3 | |
| Right click | 221 | |
| Select / deselect | 168 | |
| Select group hotkey | 77 | |
| Use ability | 30 | |
611 total
» units
| Peasant | 20 | |
| Rifleman | 30 | |
| Sorceress | 4 | |
54 total
» upgrades
| Gunpowder | 1 | |
| Armor | 2 | |
| Lumber Harvesting | 2 | |
| Long Rifles | 1 | |
| Sorceress Training | 1 | |
| Priest Training | 2 | |
9 total
» buildings
| Scout Tower | 1 | |
| Altar of Kings | 1 | |
| Farm | 6 | |
| Arcane Tower | 1 | |
| Blacksmith | 1 | |
| Barracks | 1 | |
| Lumber Mill | 1 | |
| Arcane Vault | 1 | |
| Keep | 1 | |
| Arcane Sanctum | 1 | |
| Castle | 1 | |
16 total
» build order
00:09 Scout Tower
00:20 Altar of Kings
00:36 Farm
00:40 Arcane Tower
01:21 Blacksmith
01:47 Barracks
01:55 Farm
02:38 Farm
02:58 Lumber Mill
03:23 Farm
04:05 Arcane Vault
04:58 Keep
05:29 Farm
06:22 Farm
07:47 Arcane Sanctum
08:33 Castle
» items
| Scroll of Town Portal | 1 | |
| Lesser Clarity Potion | 1 | |
2 total
Chat log
(00:16 / Allies) AngryCat: hippo
(00:28 / Allies) brucewillisusa: gree graw gumshoe
(00:35 / Allies) ordael: rush
(00:43 / Allies) brucewillisusa: dont think i will, lil miss
(05:09 / Allies) brucewillisusa: YIKES
(09:47 / Allies) brucewillisusa: meet fags
(09:50 / Allies) brucewillisusa: afk?
(10:53 / Allies) brucewillisusa: fucking idiot noobs
(10:54 / Allies) ordael: lol
(10:55 / Allies) brucewillisusa: what are you doing?
(10:57 / Allies) brucewillisusa: watching?
(10:59 / Allies) brucewillisusa: like a tv show?
(11:12 / Allies) AngryCat: i dead
(11:18 / Allies) brucewillisusa: theyre braindead
(11:20 / Allies) AngryCat: 1 hero 4 uit
(13:03 / Allies) brucewillisusa: giold me
(13:05 / Allies) brucewillisusa: before i go over 50
(13:12 / Allies) brucewillisusa: ok 2 late
(14:11 / Allies) AngryCat: gold
(14:57 / Allies) brucewillisusa: tp all
(15:03 / Allies) brucewillisusa: and stay back
(15:04 / Allies) brucewillisusa: in the base
(15:06 / Allies) brucewillisusa: fast back inside
(16:30 / All) BlutDamon: nobody listen me
(16:31 / All) brucewillisusa: raped
(16:32 / All) brucewillisusa: rofl;
(16:33 / All) BlutDamon: lokk that shit
(16:34 / All) BlutDamon: gg
(16:39 / Allies) ordael: go
(16:41 / Allies) AngryCat: gold
(16:48 / Allies) AngryCat: GOLD
(17:10 / All) brucewillisusa: love this strat on this map
(17:18 / Allies) ordael: pink
(17:20 / All) brucewillisusa: u guys prolyl dont play with strats
(17:23 / All) brucewillisusa: u just make dk and fiends
(17:28 / All) brucewillisusa: and then cry to allies about "m,eeting"
(18:15 / All) brucewillisusa: pro gargs up
(18:17 / All) brucewillisusa: noob fiends down